Map: Kairos Junction LE

Players

Future - Winner!

  • Race: Terran Terran
  • League: Grandmaster
  • Spawn Location: 5:00

MaSa

  • Race: Terran Terran
  • League: Master
  • Spawn Location: 11:00

Event: Cheeseadelphia 8

VOD

Have the link to the VOD?

Description

Time

  • Played on: Dec. 9, 2018, 3:28 p.m.
  • Length: 16:55

All games in this series

Show
View Real Time Build Order
Export as new Build Order

Future Terran - Winner!

Build Orders: 1/1/1, Liberator Opening 

Get SALT Encoding   

  12  0:00  SCV  
  13  0:12  SCV  
  14  0:17  Supply Depot  
  14  0:24  SCV  
  15  0:28  Refinery  
  15  0:38  SCV  
  16  0:44  Barracks  
  16  0:50  SCV  
  16  0:54  Refinery  
  17  1:02  SCV  
  18  1:14  SCV  
  19  1:27  SCV  
  20  1:33  Factory  
  20  1:35  Reaper  
  21  1:40  Orbital Command  
  21  1:50  Supply Depot  
  21  2:06  SCV  
  21  2:08  Reaper  
  23  2:17  Hellion  
  23  2:18  SCV  
  26  2:23  Starport  
  26  2:30  SCV  
  26  2:33  Supply Depot  
  27  2:38  Hellion  
  27  2:40  Reaper  
  27  2:42  SCV  
  31  2:51  Liberator  
  31  3:01  Hellion  
  36  3:13  Command Center  
  36  3:17  Barracks Reactor  
  36  3:22  Supply Depot  
  36  3:25  Factory Tech Lab  
  36  3:29  SCV  
  37  3:41  SCV  
  37  3:50  Cyclone  
  37  3:53  SCV  
  38  4:05  SCV  
  37  4:10  Marine x2  
  37  4:12  Command Center  
  39  4:19  SCV  
  37  4:25  Siege Tank  
  37  4:29  Orbital Command  
  39  4:31  SCV  
  39  4:33  Marine  
  39  4:35  Marine  
  42  4:43  SCV  
  43  4:51  Marine  
  44  4:53  Marine  
  44  4:55  SCV  
  44  4:57  Siege Tank  
  44  4:58  SCV  
  49  5:07  SCV  
  49  5:12  SCV  
  48  5:20  SCV  
  48  5:21  Refinery, Barracks, Barracks Tech Lab  
  49  5:23  Barracks  
  49  5:24  Refinery, SCV  
  49  5:25  Orbital Command  
  50  5:32  SCV, Siege Tank  
  54  5:37  SCV  
  54  5:40  Viking  
  57  5:44  SCV  
  57  5:46  Viking  
  57  5:49  Marine, SCV  
  62  5:53  Stimpack  
  62  5:55  SCV  
  62  5:56  SCV  
  64  6:01  SCV  
  64  6:03  Supply Depot  
  65  6:07  SCV  
  65  6:10  Viking  
  66  6:12  SCV  
  66  6:14  Barracks Reactor  
  66  6:16  Viking  
  66  6:17  Barracks Reactor, SCV  
  70  6:19  SCV  
  70  6:21  Marine  
  70  6:23  Siege Tank  
  76  6:31  Supply Depot x2  
  76  6:39  Engineering Bay x2  
  75  6:43  Marine  
  75  6:52  Viking x2  
  76  6:55  Marine  
  76  6:56  Marine x2  
  76  6:58  Marine  
  76  6:59  SCV x2  
  76  7:00  Marine, Orbital Command  
  81  7:04  Siege Tank  
  83  7:16  Terran Infantry Weapons Level 1  
  83  7:17  Marine  
  83  7:18  Terran Infantry Armor Level 1, Marine  
  83  7:22  Viking  
  86  7:24  Viking  
  84  7:33  SCV x2  
  84  7:34  SCV  
  84  7:36  Marine  
  84  7:39  Marine x2  
  84  7:40  Marine x2  
  88  7:49  Supply Depot x2  
  87  7:54  Liberator, Marine  
  87  7:56  Combat Shield  
  88  8:02  Liberator  
  88  8:04  Marine  
  88  8:05  Marine  
  75  8:07  Marine x2  
  75  8:11  Marine  
  80  8:21  SCV  
  80  8:22  Marine, SCV  
  80  8:25  SCV  
  82  8:33  Marine  
  82  8:34  Armory, Marine  
  82  8:37  SCV  
  82  8:43  SCV  
  82  8:44  SCV  
  82  8:45  Marine  
  87  8:53  SCV  
  87  8:58  SCV x2  
  87  9:01  Marine  
  88  9:06  Barracks x2  
  88  9:11  SCV  
  88  9:12  SCV x2  
  88  9:16  Sensor Tower  
  91  9:18  Marine  
  91  9:23  SCV  
  93  9:24  Marine x2, SCV  
  93  9:27  SCV  
  93  9:30  Supply Depot  
  97  9:31  Siege Tank  
  97  9:35  SCV  
  97  9:36  SCV  
  101  9:39  Marine x3, SCV  
  101  9:42  Marine x2  
  106  9:48  SCV  
  106  9:54  Barracks Reactor x2  
  106  9:55  Terran Infantry Weapons Level 2  
  106  9:57  Marine  
  106  9:59  SCV x2  
  109  10:00  Marine  
  109  10:01  Marine  
  109  10:04  Siege Tank  
  109  10:05  Refinery, SCV  
  109  10:06  Refinery  
  114  10:13  Supply Depot  
  114  10:14  Supply Depot  
  114  10:15  Supply Depot  
  114  10:16  Supply Depot  
  114  10:17  Terran Vehicle Weapons Level 1, Supply Depot  
  114  10:33  Barracks Reactor  
  114  10:35  Marine x3  
  117  10:36  Medivac x2, Marine x4, SCV  
  117  10:41  Supply Depot  
  126  10:43  Factory, Marine  
  126  10:45  Siege Tank  
  130  10:52  Marine x3  
  130  10:53  Marine  
  130  10:56  Marine  
  135  10:58  Marine  
  135  11:02  Marine  
  137  11:05  Marine  
  137  11:06  Medivac x2  
  137  11:07  Supply Depot x2  
  137  11:09  Marine  
  143  11:13  Marine  
  143  11:14  Marine  
  143  11:15  Marine  
  143  11:16  Marine  
  143  11:17  Siege Tank  
  140  11:28  Marine x4  
  131  11:32  Marine  
  131  11:37  Marine x4  
  131  11:38  Siege Tank  
  132  11:43  Marine  
  132  11:45  Viking  
  132  11:46  Marine x2  
  132  11:47  Viking  
  139  11:49  Siege Tank  
  139  11:52  Marine  
  143  11:58  Marine  
  143  12:00  Marine  
  144  12:02  Marine x2  
  144  12:05  Marine  
  144  12:06  Marine  
  148  12:10  Marine, Siege Tank  
  148  12:11  Marine x2  
  148  12:14  Marine  
  155  12:17  Marine  
  155  12:21  Siege Tank  
  159  12:25  Supply Depot, Marine  
  159  12:28  Marine  
  159  12:29  Marine x2  
  162  12:30  Marine  
  162  12:32  Terran Infantry Armor Level 2, Terran Infantry Weapons Level 3, Marine  
  162  12:33  Marine x2  
  167  12:41  Medivac x2  
  167  12:44  Marine  
  172  12:45  Marine  
  172  12:47  Siege Tank  
  176  12:53  Siege Tank  
  176  12:55  Marine  
  176  12:56  Marine  
  181  13:08  Supply Depot x2  
  181  13:09  Command Center  
  181  13:10  Supply Depot  
  181  13:23  Marine x5  
  181  13:26  Marine  
  164  13:27  Marine x4  
  164  13:29  Siege Tank  
  164  13:30  Siege Tank  
  119  13:41  Marine x5  
  119  13:44  Marine  
  119  13:45  Marine  
  119  13:46  Medivac  
  126  13:53  Marine x2  
  126  13:54  Marine  
  119  13:59  Marine x5  
  119  14:01  Siege Tank  
  119  14:02  Marine x2  
  122  14:05  Siege Tank  
  126  14:11  Marine x3  
  120  14:20  Marine  
  120  14:21  Viking  
  118  14:32  Marine x4  
  118  14:33  Siege Tank  
  118  14:37  Siege Tank  
  126  14:40  Medivac, Marine  
  126  14:41  Marine  
  126  14:42  Marine  
  128  14:51  Medivac  
  126  14:55  Marine  
  126  14:56  Marine  
  126  14:57  Marine x4  
  129  15:01  Planetary Fortress  
  129  15:05  Siege Tank  
  129  15:07  Marine x3  
  132  15:08  Marine  
  132  15:12  Siege Tank  
  132  15:13  Marine  
  129  15:15  Marine  
  129  15:16  Marine  
  129  15:18  Marine x2  
  121  15:22  Marine  
  121  15:26  Marine  
  123  15:31  Viking  
  123  15:33  Viking  
  127  15:38  Siege Tank  
  127  15:42  Marine x4  
  134  15:49  Marine  
  125  15:50  Marine  
  125  15:51  Marine  
  125  15:53  Marine x3  
  125  15:54  Siege Tank  
  125  16:00  Marine  
  126  16:09  Marine x6  
  126  16:10  Siege Tank  
  126  16:11  Marine  
  126  16:13  Marine  
  126  16:15  Orbital Command  
  126  16:17  Marine x2  
  129  16:27  Marine x3  
  129  16:29  Marine  
  129  16:30  Marine  
  133  16:36  Marine  
Show
View Real Time Build Order
Export as new Build Order

MaSa Terran 

Build Orders:  

Get SALT Encoding   

  12  0:00  SCV  
  13  0:12  SCV  
  14  0:17  Supply Depot  
  14  0:24  SCV  
  15  0:29  Refinery  
  15  0:38  SCV  
  16  0:44  Barracks  
  16  0:50  SCV  
  16  0:57  Refinery  
  17  1:03  SCV  
  18  1:15  SCV  
  19  1:32  Factory  
  19  1:33  Orbital Command  
  19  1:38  Reaper  
  20  1:51  Supply Depot  
  20  1:59  SCV  
  21  2:10  Reaper  
  21  2:11  SCV  
  23  2:16  Hellion  
  25  2:25  Command Center  
  25  2:28  SCV  
  26  2:38  Factory Tech Lab  
  26  2:41  SCV  
  26  2:43  Barracks Reactor  
  27  2:47  Supply Depot  
  27  2:53  SCV  
  27  2:54  Starport  
  28  3:05  SCV  
  29  3:09  Cyclone  
  32  3:14  Refinery  
  32  3:17  SCV  
  32  3:19  Marine x2  
  35  3:29  SCV  
  36  3:37  Marine x2  
  36  3:45  SCV  
  33  3:49  Orbital Command  
  33  3:57  Bunker, SCV  
  33  3:58  Marine x2  
  33  3:59  Raven  
  33  4:00  Factory Tech Lab  
  38  4:09  SCV  
  34  4:18  SCV  
  34  4:21  SCV  
  35  4:30  SCV  
  39  4:31  Siege Tank  
  39  4:33  SCV  
  39  4:36  Marine x2  
  42  4:42  SCV  
  43  4:46  SCV  
  43  4:47  Viking  
  46  4:53  Marine  
  46  4:54  Marine, SCV  
  46  4:59  Supply Depot  
  50  5:00  SCV  
  50  5:11  SCV  
  50  5:12  Siege Tank  
  53  5:15  SCV  
  52  5:24  Viking x2  
  52  5:25  Barracks  
  56  5:29  Supply Depot  
  56  5:30  SCV  
  56  5:35  Supply Depot, SCV  
  58  5:43  Barracks  
  58  5:44  SCV  
  59  5:50  Supply Depot, SCV  
  59  5:52  Siege Tank  
  63  6:01  Viking  
  63  6:02  SCV  
  66  6:08  Viking, Marine  
  66  6:09  SCV  
  70  6:16  Refinery  
  70  6:18  Stimpack, SCV  
  71  6:20  Barracks Reactor  
  71  6:22  SCV  
  72  6:30  SCV  
  73  6:33  Viking  
  73  6:34  SCV  
  73  6:38  Viking  
  78  6:42  SCV  
  80  6:47  SCV  
  79  6:54  SCV  
  79  6:59  SCV  
  80  7:03  Viking  
  80  7:06  SCV  
  83  7:11  Supply Depot, SCV  
  83  7:15  Liberator  
  84  7:17  Command Center  
  84  7:18  Marine, Barracks Reactor, SCV  
  84  7:21  Supply Depot  
  86  7:27  Marine  
  86  7:28  SCV  
  86  7:31  SCV  
  86  7:34  Marine  
  86  7:36  Marine  
  90  7:40  SCV  
  90  7:41  Siege Tank  
  90  7:43  SCV  
  92  7:51  Barracks  
  92  7:53  Barracks  
  92  7:55  Marine x2  
  92  7:56  Marine  
  95  8:04  Marine x2  
  95  8:05  SCV  
  86  8:07  SCV  
  73  8:13  Marine x2  
  73  8:14  Marine  
  73  8:17  SCV  
  73  8:18  Combat Shield  
  77  8:20  Medivac  
  77  8:22  Marine  
  77  8:26  Marine  
  81  8:31  Marine x2, Orbital Command  
  83  8:35  Marine  
  83  8:40  Marine, Siege Tank  
  86  8:43  Marine, Barracks Reactor  
  86  8:44  Barracks Reactor  
  86  8:46  Medivac  
  89  8:48  Marine  
  89  8:49  Marine  
  89  8:50  Medivac  
  89  8:54  Marine  
  94  8:58  Marine  
  94  9:00  Engineering Bay  
  94  9:01  Marine  
  96  9:03  Engineering Bay  
  96  9:06  Marine x2  
  96  9:09  SCV x2  
  99  9:11  Marine  
  99  9:16  Marine, SCV  
  99  9:19  Marine  
  99  9:23  SCV x2  
  102  9:24  Marine x2  
  102  9:26  Marine x4  
  102  9:27  Refinery  
  102  9:28  Refinery, SCV  
  102  9:29  Marine  
  102  9:31  Supply Depot  
  110  9:33  Terran Infantry Armor Level 1, Terran Infantry Weapons Level 1, Marine  
  110  9:37  Medivac, Supply Depot, Marine  
  113  9:42  Marine x2  
  113  9:44  Marine  
  119  9:52  Siege Tank  
  119  9:55  Marine x2  
  119  9:58  Marine  
  119  9:59  Marine x3  
  115  10:00  Marine x2  
  115  10:01  Supply Depot x2, SCV  
  115  10:03  Medivac  
  115  10:04  Marine  
  121  10:14  Marine x2  
  121  10:16  Marine  
  121  10:17  Marine, SCV x2  
  121  10:19  Marine x2  
  121  10:21  Supply Depot, Marine  
  130  10:22  Marine x2  
  130  10:23  Armory  
  132  10:32  Medivac, Marine x2  
  132  10:33  Medivac  
  132  10:34  Marine x2  
  140  10:37  Marine x2  
  140  10:39  Marine  
  140  10:40  Marine x2  
  145  10:52  Marine x3  
  145  10:56  Marine x2  
  145  10:57  Marine  
  150  11:00  Siege Tank  
  154  11:08  Command Center  
  154  11:11  Marine x3  
  155  11:15  Terran Vehicle Weapons Level 1  
  157  11:19  Supply Depot  
  157  11:20  Supply Depot  
  157  11:21  Marine x2  
  157  11:25  Marine x2  
  150  11:26  Marine  
  150  11:27  Marine  
  150  11:28  Marine  
  150  11:29  Marine x2  
  141  11:39  Marine x2  
  121  11:41  Terran Infantry Weapons Level 2  
  121  11:42  Marine  
  121  11:43  Marine  
  121  11:44  Medivac x2, Marine x2  
  121  11:46  Marine  
  130  11:49  Terran Infantry Armor Level 2  
  130  11:50  Marine  
  131  11:56  Siege Tank  
  131  11:57  Marine x2  
  134  12:05  Marine x4  
  134  12:06  Marine  
  139  12:14  Viking x2, Marine x2  
  145  12:16  Marine  
  146  12:29  Planetary Fortress, Siege Tank  
  145  12:42  Marine  
  145  12:43  Marine x3  
  149  12:55  Marine x3  
  149  12:56  Viking x2  
  156  13:02  Marine x2  
  158  13:12  Marine x3  
  158  13:13  Siege Tank  
  158  13:16  SCV x3  
  158  13:17  Marine  
  158  13:19  Liberator  
  167  13:20  Liberator  
  167  13:23  Marine x2  
  167  13:27  Marine  
  157  13:29  Marine x2  
  157  13:33  Marine  
  126  13:40  Marine x3  
  130  13:41  Marine  
  130  13:45  Siege Tank  
  123  13:50  Marine  
  123  13:51  Marine  
  123  13:52  Marine x3  
  116  13:58  Marine x2  
  116  14:00  Marine x2  
  116  14:08  Marine x2  
  117  14:10  Marine x3  
  116  14:23  Marine x4  
  120  14:25  SCV x2  
  120  14:26  Marine x2  
  120  14:27  Marine  
  125  14:35  Liberator  
  117  14:46  Marine x4  
  120  14:56  Marine x2  
  110  15:01  Marine x2  
  110  15:05  Marine  
  113  15:12  Marine  
  87  15:18  Orbital Command  
  87  15:20  Marine  
  82  15:25  SCV  
  83  15:42  SCV  
  75  15:46  SCV  
  75  15:51  Marine  
  76  15:57  Marine  
  76  16:02  Marine  
  77  16:07  Marine, SCV  
  76  16:12  SCV  
  76  16:18  Siege Tank  
  80  16:23  Marine x2  
  80  16:25  Marine x2  
  80  16:27  SCV  
  80  16:29  SCV  
Tags
 
Add a new tag
Caveats
  • Supply blocks, unpowered buildings, or Contaminate may cause inaccurate times.
  • Supply counts are checked every 10 seconds.